 Dungeon Crawl Stone Soup version 0.21.1-1-g345015f (webtiles) character file.

86991 kae the Severer (level 15, -10/135 HPs)
             Began as a Hill Orc Fighter on June 16, 2018.
             Was the Champion of Beogh.
             Shot with an arrow by Vashnia (17 damage)
             ... on level 3 of the Snake Pit.
             The game lasted 00:31:25 (23465 turns).

kae the Severer (Hill Orc Fighter)                 Turns: 23465, Time: 00:31:26

Health: -10/135    AC: 30    Str: 26    XL:     15   Next: 89%
Magic:  0/24       EV: 12    Int:  8    God:    Beogh [******]
Gold:   2094       SH:  0    Dex: 14    Spells: 14/14 levels left

rFire    . . .     SeeInvis .   H - +7 executioner's axe (vamp)
rCold    . . .     Gourm    .   (shield currently unavailable)
rNeg     . . .     Faith    .   p - +1 plate armour (curse)
rPois    +         Spirit   +   k - +2 helmet
rElec    .         Reflect  .   m - +2 cloak
rCorr    .         Harm     .   u - +2 pair of gloves
MR       +....                  s - +2 pair of boots
Stlth    ..........             Y - amulet of guardian spirit
HPRegen  0.32/turn              g - ring of poison resistance
MPRegen  0.19/turn              j - +4 ring of dexterity

@: lethally poisoned (-10 -> -13)
A: walk on water
a: Smiting, Recall Orcish Followers, Give Item to Named Follower, Resurrection,
Renounce Religion


You were on level 3 of the Snake Pit.
You worshipped Beogh.
Beogh was exalted by your worship.
You were not hungry.

You visited 3 branches of the dungeon, and saw 22 of its levels.
You also visited: Ossuary, Ice Cave and Volcano.

You collected 2266 gold pieces.
You spent 172 gold pieces at shops.

Inventory:

Hand Weapons
 a - the cursed +2 quarterstaff "Vokhluirint" {freeze, rN+}
   (You found it on level 6 of the Lair of Beasts)

   It has been specially enchanted to freeze those struck by it, causing extra
   injury to most foes and up to half again as much damage against particularly
   susceptible opponents.
   It can also slow down cold-blooded creatures.
   It protects you from negative energy.
   It has a curse placed upon it.
 H - a +7 vampiric executioner's axe (weapon)
Missiles
 B - 2 throwing nets (quivered)
Armour
 k - a +2 helmet (worn)
 m - a +2 cloak (worn)
 p - a cursed +1 plate armour (worn)
 s - a +2 pair of boots (worn)
 u - a +2 pair of gloves (worn)
 W - a +2 cloak
Jewellery
 g - a ring of poison resistance (left hand)
 j - a +4 ring of dexterity (right hand)
 D - an uncursed ring of resist corrosion
 I - an uncursed amulet of regeneration
 X - an uncursed amulet of the gourmand
 Y - an amulet of guardian spirit (around neck)
Wands
 b - a wand of polymorph (56)
 d - a wand of random effects (32)
 e - a wand of flame (43)
 F - a wand of disintegration (20)
 L - a wand of enslavement (21)
 M - a wand of clouds (5)
 N - a wand of scattershot (5)
 T - a wand of digging (32)
 Z - a wand of paralysis (37)
Scrolls
 h - 2 scrolls of magic mapping
 i - 10 scrolls of remove curse
 t - 4 scrolls of fog
 x - 10 scrolls of teleportation
 y - 6 scrolls of amnesia
 A - 2 scrolls of fear
 C - a scroll of identify
 K - 3 scrolls of blinking
 U - a scroll of brand weapon
Potions
 c - 2 potions of resistance
 l - 10 potions of curing
 n - 8 potions of lignification
 o - 5 potions of haste
 q - 3 potions of brilliance
 r - a potion of flight
 v - 4 potions of magic
 z - 3 potions of agility
 E - 6 potions of heal wounds
 G - a potion of cancellation
 J - 3 potions of might
 P - a potion of invisibility
 R - 2 potions of mutation
 S - 3 potions of ambrosia
Books
 w - a book of Flames

   Spells                             Type                      Level
   a - Flame Tongue                   Conjuration/Fire             1
   b - Throw Flame                    Conjuration/Fire             2
   c - Conjure Flame                  Conjuration/Fire             3
   d - Inner Flame                    Hexes/Fire                   3
   e - Sticky Flame                   Conjuration/Fire             4
   f - Fireball                       Conjuration/Fire             5
Comestibles
 f - 34 rations


   Skills:
 + Level 13.0 Fighting
 * Level 18.6 Axes
 + Level 12.0 Armour
 + Level 9.2 Dodging
   Level 3.2 Shields
 + Level 13.2 Invocations
 * Level 10.4 Evocations


You had 14 spell levels left.
You didn't know any spells.

Dungeon Overview and Level Annotations

Branches:
Dungeon (13/15)            Temple (0/1) D:6            Lair (6/6) D:9
  Swamp (0/4) Lair:2        Snake (3/4) Lair:2        Slime (0/5) Lair:6
    Orc (0/2) D:11         Vaults (0/5) D:13

Altars:
Ashenzari
Cheibriados
Fedhas
Gozag
Hepliaklqana
Nemelex Xobeh
Okawaru
Trog
Wu Jian
The Shining One

Shops:
D:3 *   D:7 !   D:9 (   D:13 (   Snake:1 :*

Annotations:
Snake:3 Vashnia


Message History

The arrow burns you.
* * * LOW HITPOINT WARNING * * *
Orkrul completely misses the naga sharpshooter.
The naga sharpshooter gestures wildly while chanting.
The naga sharpshooter magically shoots an arrow.
The arrow hits you but does no damage.
The naga sharpshooter shoots a bolt.
The bolt hits you!
* * * LOW HITPOINT WARNING * * *
Urtork shoots a bolt.
The bolt closely misses the naga sharpshooter.
You slice the naga sharpshooter!!
You kill the naga sharpshooter!
Beogh accepts your kill.
You feel sick.
The naga sharpshooter mumbles some strange words.
The naga sharpshooter magically shoots an arrow.
The arrow hits you!
* * * LOW HITPOINT WARNING * * *
Vashnia shoots an arrow.
The arrow hits you!!
You die...

...
...#............
.
...#.............
......((.........
......((...#.=...
>.....†().......[
....N.)(()......#
........((o......
........(ooo.##..
........o@oo.o..#
.........)...o..#
.............oN.#
..........:......
............N...
................
................
......###....(#


You could see Vashnia, 2 naga sharpshooters, the friendly Urtork the orc
warlord, a friendly orc knight, the friendly Blodwig the orc knight, the
friendly Brunolf the orc knight, the friendly Olfik the orc knight, the friendly
Orkrul the orc knight, the friendly Rocco the orc knight, 2 friendly orc
warriors and the friendly Bogwald the orc priest.

Vanquished Creatures
  2 nagarajas (Snake:2)
  2 naga warriors (Snake:2)
  An ice dragon (IceCv)
  2 hydras
  A centaur warrior (Volcano)
  2 anacondas
  7 death yaks
  4 two-headed ogres
  4 naga sharpshooters
  A hell knight (Volcano)
  A shock serpent (Snake:2)
  Nergalle (D:11)
  A naga ritualist (Snake:2)
  2 lindwurms (Lair:6)
  An oklob plant (Lair:4)
  An ugly thing (D:13)
  5 mana vipers
  A manticore (D:13)
  2 wolf spiders (Lair:6)
  A cyclops (D:13)
  6 elephants
  2 ice statues (IceCv)
  4 salamanders
  4 naga magi
  A guardian serpent (Snake:2)
  A torpor snail (Lair:4)
  12 black mambas
  3 spiny frogs
  2 komodo dragons
  6 rime drakes
  2 trolls (D:13)
  A queen bee (Lair:4)
  A hornet (Lair:6)
  3 meliai (Lair:4)
  2 blink frogs (Lair:6)
  4 hippogriffs
  A slime creature (D:12)
  Eustachio (D:4)
  14 yaks
  A vampire (D:11)
  A basilisk (Lair:3)
  7 wyverns
  A hungry ghost (D:11)
  6 hogs (D:13)
  A warg (D:11)
  A steam dragon (D:9)
  11 nagas
  An acid dragon (Lair:4)
  7 water moccasins
  6 porcupines
  3 sky beasts
  15 ice beasts
  2 eyes of draining
  4 orc warriors
  4 ogres
  2 black bears (D:7)
  A necrophage (D:8)
  6 centaurs
  17 wolves
  10 crocodiles
  5 big kobolds
  8 bullfrogs
  A wyvern skeleton (D:10)
  8 scorpions
  The ghost of Ethylacetat the Slasher, a weakling DsMo (D:3)
  18 killer bees
  An electric eel (Lair:5)
  10 wights
  6 howler monkeys
  2 crimson imps
  2 centaur zombies
  A bullfrog zombie (D:12)
  2 quasits
  A bullfrog skeleton (D:10)
  2 human zombies (Ossuary)
  3 hounds
  6 orc priests
  4 centaur skeletons
  2 jellies
  Jessica (D:2)
  5 iguanas
  8 worker ants
  6 orc wizards
  A big kobold zombie (Ossuary)
  4 ogre zombies (D:11)
  A hound skeleton (D:5)
  2 mummies (Ossuary)
  A howler monkey zombie (D:5)
  8 scorpion zombies (Ossuary)
  7 adders
  5 shadow imps
  2 oozes
  An adder zombie (D:6)
  5 worms
  4 dart slugs
  3 leopard geckos
  19 orcs
  7 bats
  5 giant cockroaches
  4 gnoll zombies (Ossuary)
  12 goblins
  7 hobgoblins
  12 jackals
  4 quokkas
  5 frilled lizards
  A goblin skeleton (D:11)
  4 goblin zombies (D:11)
  8 hobgoblin zombies
  23 kobolds
  2 kobold zombies (Ossuary)
  2 leopard gecko skeletons (D:4)
  12 orc zombies
  10 rats
  3 fungi
  2 plants (Lair:4)
508 creatures vanquished.

Vanquished Creatures (collateral kills)
  Kirke (D:13)
  The ghost of emiel the Impaler, an adept FoWn of Cheibriados (Snake:1)
  An ogre mage (D:13)
  3 naga warriors
  A hydra (Lair:1)
  4 two-headed ogres
  3 death yaks
  A shock serpent (Snake:2)
  2 naga sharpshooters
  A slime creature (D:12)
  A naga ritualist (Snake:2)
  2 lindwurms (Lair:6)
  4 mana vipers
  2 salamanders
  An ugly thing (D:13)
  A cyclops (D:10)
  An oklob plant (Lair:4)
  A centaur zombie (D:12)
  2 guardian serpents
  5 elephants
  19 black mambas
  4 naga magi
  6 spiny frogs
  A gargoyle (D:13)
  2 kobold demonologists
  6 komodo dragons
  2 rime drakes
  A harpy zombie (D:13)
  A troll (D:11)
  A hornet (Lair:6)
  3 blink frogs (Lair:6)
  8 hippogriffs
  10 wyverns
  A shadow (D:11)
  A redback (Lair:6)
  2 wraiths
  A hog (D:13)
  14 yaks
  3 steam dragons
  2 basilisks
  4 hungry ghosts
  7 nagas
  An acid dragon (Lair:4)
  4 porcupines
  14 water moccasins
  2 hell hounds (Lair:2)
  2 ice beasts
  A black bear (D:9)
  2 sky beasts
  A necrophage (D:9)
  2 ogres
  14 wolves
  A centaur (D:12)
  4 crocodiles
  3 big kobolds
  6 bullfrogs
  26 killer bees
  A troll zombie (D:11)
  A wight (D:9)
  A crimson imp (D:10)
  2 hounds
  A bullfrog skeleton (D:12)
  An iguana (D:12)
  5 worker ants
  A killer bee zombie (D:9)
  3 ogre zombies (D:11)
  An adder (D:12)
  A leopard gecko (D:8)
  4 orcs
  2 jackals (D:11)
  A goblin skeleton (D:11)
  2 goblin zombies (D:11)
  2 hobgoblin skeletons (D:11)
  13 kobolds
  2 orc skeletons (D:11)
  8 fungi
  28 plants
300 creatures vanquished.

Vanquished Creatures (others)
  An ice dragon (IceCv)
  3 orc knights
  A wizard (D:9)
  7 orc priests
  5 orc warriors
  An orc wizard (Snake:1)
  11 orcs
  A mummy (Ossuary)
  A jackal (D:3)
  A kobold (D:3)
  23 fungi
  13 plants
68 creatures vanquished.

Grand Total: 876 creatures vanquished

Notes
Turn   | Place    | Note
-------+----------+-------------------------------------------
     0 | D:1      | kae the Hill Orc Fighter began the quest for the Orb.
     0 | D:1      | Reached XP level 1. HP: 19/19 MP: 1/1
    56 | D:1      | Reached skill level 3 in Axes
    65 | D:1      | Reached XP level 2. HP: 16/27 MP: 2/2
   337 | D:1      | Found a shattered altar of Ashenzari.
   715 | D:1      | Reached XP level 3. HP: 33/33 MP: 3/3
  1255 | D:2      | Reached skill level 1 in Dodging
  1316 | D:2      | Reached skill level 4 in Axes
  1371 | D:2      | Reached XP level 4. HP: 36/40 MP: 4/4
  1457 | D:2      | Noticed Jessica
  1478 | D:2      | Killed Jessica
  2036 | D:3      | Noticed Ethylacetat's ghost (weakling DsMo)
  2049 | D:3      | Killed Ethylacetat's ghost
  2049 | D:3      | Reached skill level 5 in Axes
  2049 | D:3      | Reached XP level 5. HP: 27/47 MP: 5/5
  2277 | D:3      | Found an opulent altar of Gozag.
  2282 | D:3      | Found Gozag's Platinum Reserve.
  2390 | D:3      | Became a worshipper of Beogh the Brigand
  2559 | D:3      | Reached XP level 6. HP: 39/53 MP: 6/6
  3164 | D:4      | Found a sand-covered staircase.
  3261 | D:4      | Reached skill level 5 in Fighting
  3261 | D:4      | Reached skill level 6 in Axes
  3299 | Ossuary  | Entered an ossuary
  3386 | Ossuary  | Reached skill level 1 in Invocations
  3393 | Ossuary  | Reached XP level 7. HP: 42/61 MP: 7/7
  3568 | Ossuary  | Reached * piety under Beogh
  3709 | Ossuary  | Reached skill level 7 in Axes
  3711 | Ossuary  | Reached skill level 5 in Armour
  3831 | Ossuary  | Reached XP level 8. HP: 63/70 MP: 8/10
  4111 | D:4      | Found a sparkling altar of Nemelex Xobeh.
  4153 | D:4      | Noticed Eustachio
  4168 | D:4      | Killed Eustachio
  4168 | D:4      | Reached skill level 8 in Axes
  4602 | D:5      | Entered Level 5 of the Dungeon
  5000 | D:5      | Found a glowing golden altar of the Shining One.
  5937 | D:5      | Reached skill level 9 in Axes
  6221 | D:6      | Reached ** piety under Beogh
  6505 | D:6      | Noticed a two-headed ogre
  6522 | D:6      | Killed a two-headed ogre
  6522 | D:6      | Reached skill level 5 in Invocations
  6522 | D:6      | Reached XP level 9. HP: 32/79 MP: 7/12
  6769 | D:6      | Found a staircase to the Ecumenical Temple.
  6870 | D:6      | Reached skill level 10 in Axes
  7195 | D:7      | Found Pynoacli's Distillery.
  7539 | D:7      | Reached XP level 10. HP: 88/88 MP: 14/14
  7543 | D:7      | Reached *** piety under Beogh
  7543 | D:7      | Reached skill level 11 in Axes
  7679 | D:7      | Found a snail-covered altar of Cheibriados.
  7727 | D:7      | Found an iron altar of Okawaru.
  7842 | D:7      | Bought 2 potions of heal wounds for 140 gold pieces
  8287 | D:8      | Found a hazy altar of Hepliaklqana.
  8288 | D:8      | Found an ornate altar of the Wu Jian Council.
  8726 | D:9      | You fall through a shaft!
  8726 | D:10     | Entered Level 10 of the Dungeon
  8729 | D:10     | Reached skill level 5 in Dodging
  8793 | D:10     | Noticed a cyclops
  8909 | D:9      | Found a bloodstained altar of Trog.
  8917 | D:9      | Noticed a wizard
  8920 | D:9      | Killed a wizard
  8963 | D:9      | Found Geher's Weapon Boutique.
  8971 | D:9      | Found a staircase to the Lair.
  9012 | D:9      | Reached skill level 12 in Axes
  9188 | D:10     | Gained Bogwald as an ally
  9208 | D:10     | Noticed a two-headed ogre
  9213 | D:10     | Reached **** piety under Beogh
  9214 | D:10     | Your ally Bogwald died
  9219 | D:10     | Killed a two-headed ogre
  9219 | D:10     | Reached XP level 11. HP: 16/95 MP: 1/16
  9554 | D:10     | Gained Rocco as an ally
  9782 | D:10     | Killed a cyclops
 10275 | D:11     | Noticed Nergalle
 10281 | D:11     | Killed Nergalle
 10281 | D:11     | Reached skill level 13 in Axes
 10332 | D:11     | Identified a scroll of acquirement
 10515 | D:11     | Found a staircase to the Orcish Mines.
 10523 | D:11     | Reached ***** piety under Beogh
 10608 | D:11     | Gained Horkud as an ally
 10639 | D:11     | Noticed a two-headed ogre
 10651 | D:11     | Killed a two-headed ogre
 10969 | D:11     | Noticed a two-headed ogre
 10975 | D:11     | Killed a two-headed ogre
 10976 | D:11     | Noticed an orc knight
 10982 | D:11     | Reached skill level 14 in Axes
 11502 | Lair:1   | Entered Level 1 of the Lair of Beasts
 11540 | Lair:1   | Noticed a seven-headed hydra
 11548 | Lair:1   | Killed a nine-headed hydra
 11548 | Lair:1   | Reached skill level 10 in Fighting
 11548 | Lair:1   | Reached XP level 12. HP: 35/106 MP: 15/19
 11850 | Lair:1   | Noticed a five-headed hydra
 11853 | Lair:1   | Killed a five-headed hydra
 12454 | Lair:2   | Gained Urtork as an ally
 12585 | Lair:2   | Found a dark tunnel.
 12594 | Volcano  | Entered a volcano
 12618 | Volcano  | Noticed a hell knight
 12624 | Volcano  | Killed a hell knight
 12624 | Volcano  | Reached skill level 10 in Invocations
 12624 | Volcano  | Reached skill level 1 in Evocations
 12719 | Volcano  | Noticed a centaur warrior
 12737 | Volcano  | Killed a centaur warrior
 12856 | Lair:2   | Found a staircase to the Snake Pit.
 12856 | Lair:2   | Noticed a seven-headed hydra
 12858 | Lair:2   | Killed a seven-headed hydra
 12948 | Lair:2   | Reached skill level 15 in Axes
 13180 | Lair:2   | Found a staircase to the Swamp.
 13713 | Lair:3   | Gained Brunolf as an ally
 13732 | Lair:3   | Reached skill level 10 in Armour
 13825 | Lair:3   | Reached XP level 13. HP: 114/115 MP: 20/20
 15030 | Lair:4   | Gained Orkrul as an ally
 15153 | Lair:4   | Reached skill level 5 in Evocations
 15187 | Lair:4   | Gained Bogwald as an ally
 15194 | Lair:4   | Reached ****** piety under Beogh
 15629 | Lair:4   | Your ally Bogwald died
 15721 | Lair:4   | Reached skill level 16 in Axes
 16235 | Lair:5   | Found a frozen archway.
 16381 | IceCv    | Entered an ice cave
 16556 | IceCv    | Noticed an ice dragon
 16566 | IceCv    | Noticed an ice dragon
 16566 | IceCv    | Killed an ice dragon
 16576 | IceCv    | Killed an ice dragon
 17265 | Lair:5   | Reached XP level 14. HP: 124/124 MP: 22/22
 17493 | Lair:6   | Entered Level 6 of the Lair of Beasts
 17878 | Lair:6   | Reached skill level 17 in Axes
 17903 | Lair:6   | Paralysed by a hornet for 2 turns
 17913 | Lair:6   | Gained Bogwald as an ally
 18268 | Lair:6   | Got a faintly glowing quarterstaff
 18603 | Lair:6   | Found a staircase to the Slime Pits.
 19788 | D:13     | Found Wehiru's Antique Weapon Shop.
 19998 | D:13     | Noticed Kirke
 20016 | D:13     | Killed Kirke
 20166 | D:13     | Found a gate to the Vaults.
 20170 | D:13     | Paralysed by an ogre mage for 7 turns
 20367 | D:13     | Reached XP level 15. HP: 134/134 MP: 24/24
 20398 | D:13     | Found a blossoming altar of Fedhas.
 20710 | Snake:1  | Entered Level 1 of the Snake Pit
 21118 | Snake:1  | Found Riru's Book Shoppe.
 21133 | Snake:1  | Found Qofuwal's General Store.
 21140 | Snake:1  | Gained Blodwig as an ally
 21156 | Snake:1  | Noticed emiel's ghost (adept FoWn)
 21523 | Snake:1  | Killed emiel's ghost
 21581 | Snake:1  | Reached skill level 18 in Axes
 21609 | Snake:1  | Bought a cursed amulet of inaccuracy for 32 gold pieces
 21792 | Snake:1  | Gained Olfik as an ally
 21836 | Snake:1  | Your ally Horkud died
 21862 | Snake:1  | Identified the cursed +2 quarterstaff "Vokhluirint" {freeze, rN+} (You found it on level 6 of the Lair of Beasts)
 22365 | Snake:2  | Noticed a nagaraja
 22374 | Snake:2  | Killed a nagaraja
 22399 | Snake:2  | Noticed a nagaraja
 22414 | Snake:2  | Killed a nagaraja
 22606 | Snake:2  | Reached skill level 10 in Evocations
 23450 | Snake:3  | Noticed Vashnia
 23465 | Snake:3  | Shot with an arrow by Vashnia

Skill      XL: |  1  2  3  4  5  6  7  8  9 10 11 12 13 14 15 |
---------------+----------------------------------------------+-----
Axes           | 3 4 5 6 7 9 10 12 14 15 16 17 18 | 18.6
Fighting       | 4 5 7 8 10 11 12 13 | 13.0
Dodging        | 1 2 4 5 6 7 8 9 |  9.2
Armour         | 4 5 6 7 8 9 10 11 12 | 12.0
Invocations    | 1 2 5 6 7 9 10 11 12 13 | 13.2
Evocations     | 4 7 9 10 | 10.4
Shields        | |  3.2

Action                   |  1- 3 |  4- 6 |  7- 9 | 10-12 | 13-15 || total
-------------------------+-------+-------+-------+-------+-------++-------
Melee: War axe           |    93 |   200 |   370 |       |       ||   663
       Battleaxe         |       |       |     8 |   167 |       ||   175
       Executioner's axe |       |       |       |   226 |   676 ||   902
       Unarmed           |       |       |       |       |     8 ||     8
Invok: Convert to Beogh  |       |     1 |       |       |       ||     1
       Smiting           |       |       |     2 |     3 |       ||     5
       Give Item to Name |       |       |       |     1 |     2 ||     3
       Recall Orcish Fol |       |       |       |       |     6 ||     6
Evoke: Wand              |       |       |     3 |     2 |     3 ||     8
  Use: Scroll            |       |     1 |    16 |    16 |    15 ||    48
       Potion            |       |       |     1 |     1 |     2 ||     4
 Stab: Distracted        |       |       |       |     2 |     6 ||     8
  Eat: Chunk             |     1 |     7 |     6 |    21 |    18 ||    53
       Ration            |       |       |     2 |     4 |     4 ||    10
Armor: Scale mail        |    40 |    86 |   151 |       |       ||   277
       Plate armour      |       |       |     9 |   358 |   587 ||   954
Dodge: Dodged            |    33 |    64 |   113 |   262 |   496 ||   968
Block: Shield            |    46 |    84 |   186 |       |       ||   316
